 Dungeon Crawl Stone Soup version 0.29-a0-330-g52719c12eb (webtiles) character file.

Game seed: 4879396790916509326

337 kae the Firebug (level 6, 0/35 HPs)
             Began as a Tengu Fire Elementalist on Apr 14, 2022.
             Killed from afar by an orc wizard (6 damage)
             ... with a magic dart
             ... on level 4 of the Dungeon.
             The game lasted 00:02:56 (5404 turns).

kae the Firebug (Tengu Fire Elementalist)           Turns: 5404, Time: 00:02:57

Health: 0/35       AC:  6    Str:  8    XL:     6   Next: 54%
Magic:  9/11       EV: 14    Int: 17    God:
Gold:   266        SH:  5    Dex: 15    Spells: 2/11 levels left

rFire   . . .      SeeInvis .   (no weapon)
rCold   . . .      Faith    .   g - +1 buckler
rNeg    . . .      Spirit   .   a - +0 robe
rPois   .          Reflect  .   (helmet restricted)
rElec   .          Harm     .   t - +0 cloak
rCorr   .          Rampage  .   e - +2 pair of gloves
Will    .....                   (boots unavailable)
Stlth   ++........              (no amulet)
HPRegen 0.11/turn               (no ring)
MPRegen 0.12/turn               (no ring)

@: about to teleport, flying quickly and evasively, studying Evocations, quick
A: beak, talons 3, nimble flight
a: no special abilities


You were on level 4 of the Dungeon.
You visited 1 branch of the dungeon, and saw 4 of its levels.

You collected 266 gold pieces.

Inventory:

Missiles
 d - 2 throwing nets
Armour
 a - a +0 robe (worn)
 e - a +2 pair of gloves (worn)
 g - a +1 buckler (worn)
 t - a +0 cloak (worn)
Jewellery
 l - an amulet of faith
 u - a +4 ring of protection
 A - an amulet of magic regeneration
Wands
 B - a wand of paralysis (13)
Scrolls
 h - a scroll of enchant weapon
 i - a scroll of enchant armour
 j - 2 scrolls of teleportation
 p - a scroll of blinking {unknown}
 y - a scroll of fog {unknown}
 z - a scroll of magic mapping {unknown}
Potions
 b - a potion of magic
 c - a potion of heal wounds {unknown}
 f - 2 potions of brilliance
 k - 2 potions of invisibility
 m - a potion of might
 n - 2 potions of haste
 o - a potion of attraction
 q - 2 potions of lignification {unknown}
 r - 2 potions of degeneration
 s - 2 potions of curing {unknown}
 v - a potion of mutation {unknown}
 w - a potion of cancellation {unknown}
 x - 2 potions of ambrosia {unknown}


   Skills:
 + Level 2.1 Fighting
 - Level 2.1 Dodging
 - Level 2.0 Stealth
 + Level 2.0 Shields
 + Level 3.0 Spellcasting
 + Level 3.4 Conjurations
 * Level 5.1 Fire Magic
 + Level 2.0 Evocations


You had 2 spell levels left.
You knew the following spells:

 Your Spells              Type           Power      Damage    Failure   Level
a - Foxfire               Conj/Fire      68%        2x1d7     3%          1
b - Scorch                Fire           40%        2d7       4%          2
c - Conjure Flame         Conj/Fire      17%        6-21      12%         3
d - Inner Flame           Hex/Fire       11%        N/A       24%         3

Your spell library contained the following spells:

 Spells                   Type           Power      Damage    Failure   Level
 Magic Dart               Conj           56%        1d5       5%          1
 Searing Ray              Conj           28%        2d5       9%          2
 Flame Wave               Conj/Fire      17%        2d6       36%         4
 Fulminant Prism          Conj/Hex       4%         3d6       73%         4


Dungeon Overview and Level Annotations

Branches:
Dungeon (4/15)
 Temple: D:4-7

Altars:
Elyvilon
Fedhas
Kikubaaqudgha
Qazlal
Ru
Wu Jian
Xom

Shops:
D:1 =

Annotations:
D:2 Natasha
D:3 2 runed translucent doors, Robin


Innate Abilities, Weirdness & Mutations

You have a beak for a mouth.
You have claws for feet.
Your magical nature lets you fly swiftly and evasively.


Message History

Casting: Foxfire (safe; 3% risk of failure)
Confirm with . or Enter, or press ? or * to list all spells.
You conjure some foxfire!
The foxfire hits the orc but does no damage.
The orc is heavily wounded.
You hear some strange, mumbled words.
You are confused.
The orc hits you with a +0 flail.
The foxfire hits the orc.
You kill the orc!
You hear some strange, mumbled words.
Something tries to affect you, but you resist.
Your Evocations skill increases to level 2!
The orc wizard casts a spell.
The orc wizard flickers and vanishes!
The orc hits you with a +0 flail.
You bump into the rock wall.
The orc hits you with a +0 flail.
You bump into the rock wall.
The orc barely misses you. Something hits you but does no damage.
You bump into the rock wall.
A magic dart appears from out of thin air!
The magic dart hits something.
Something barely misses you.
You are too confused!
Unknown command.
The orc barely misses you.
You feel less confused.
You hear some strange, mumbled words.
A puff of flame appears from out of thin air!
The puff of flame hits you!
* * * LOW HITPOINT WARNING * * *
The orc hits you with a +0 flail.
* * * LOW HITPOINT WARNING * * *
Okay, then.
As you read the scroll of teleportation, it crumbles to dust.
You feel strangely unstable. The orc closely misses you.
Something hits you but does no damage. You block the orc's attack.
You block something's attack.
A magic dart appears from out of thin air!
The magic dart hits you.
You die...

#.##.# #.# #.##.# #.# #....#
#.# ###### #.# #.# #.#
#######.#### ###########
#####..........##
#.........#
#........##.#@..##
#.#######.#
#.###.##.#.o.o...###.#####
#.#
###.###.##...{........֠.<.#
#.#
#.......##.#)......###.###.#
#.# #.#.######.##.#...## #.#
#.# #.# ##.#........##.#####
#.###.###.# ...###########.#
#.........# ##.# #'#
####.#.#### ######## ...
#.###.#


You could see 2 orcs.

Vanquished Creatures
  A phantom (D:3)
  A gnoll shaman (D:3)
  A hound (D:4)
  An orc wizard (D:3)
  3 adders
  5 gnolls
  An ufetubus (D:4)
  2 worms
  6 dart slugs
  5 orcs
  3 ball pythons
  6 bats
  7 endoplasms
  3 giant cockroaches
  7 goblins
  6 hobgoblins
  4 jackals (D:4)
  4 quokkas
  2 frilled lizards (D:1)
  4 kobolds
  6 rats
78 creatures vanquished.

Vanquished Creatures (others)
  256 foxfires
  11 plants (D:3)
267 creatures vanquished.

Grand Total: 345 creatures vanquished

Notes
Turn   | Place    | Note
-------+----------+-------------------------------------------
     0 | D:1      | kae the Tengu Fire Elementalist began the quest for the
                  | Orb.
     0 | D:1      | Reached XP level 1. HP: 10/10 MP: 4/4
   184 | D:1      | Reached XP level 2. HP: 15/15 MP: 3/6
   422 | D:1      | Learned a level 2 spell: Scorch
   984 | D:1      | Found Ropit's Jewellery Shoppe.
  1096 | D:1      | Reached XP level 3. HP: 20/20 MP: 5/7
  1658 | D:2      | Reached skill level 4 in Fire Magic
  1854 | D:2      | Noticed Natasha
  2629 | D:3      | Reached XP level 4. HP: 15/24 MP: 3/8
  2837 | D:2      | Reached skill level 1 in Fighting
  2837 | D:2      | Reached skill level 1 in Shields
  2905 | D:3      | Found a sacrificial altar of Ru.
  2939 | D:3      | Learned a level 3 spell: Conjure Flame
  3195 | D:3      | Gained mutation: Your magical nature lets you fly swiftly
                  | and evasively. [Tengu growth]
  3195 | D:3      | Reached XP level 5. HP: 28/29 MP: 5/9
  3441 | D:3      | Noticed Robin
  3726 | D:4      | Learned a level 3 spell: Inner Flame
  3815 | D:4      | Found a blossoming altar of Fedhas.
  3912 | D:4      | Found a white marble altar of Elyvilon.
  4466 | D:3      | Reached skill level 1 in Evocations
  4466 | D:3      | Reached XP level 6. HP: 35/35 MP: 2/11
  4604 | D:3      | Found a faded altar of an unknown god.
  4852 | D:3      | Found a large runed translucent door.
  4852 | D:3      | Found a large runed translucent door.
  4852 | D:3      | Found a shimmering altar of Xom.
  5035 | D:3      | Reached skill level 5 in Fire Magic
  5296 | D:4      | Found a stormy altar of Qazlal.
  5344 | D:4      | Found an ancient bone altar of Kikubaaqudgha.
  5345 | D:4      | Found an ornate altar of the Wu Jian Council.
  5404 | D:4      | Killed from afar by an orc wizard

Illustrated notes

Levels and vault maps discovered:
D:1:      dpeg_arrival_central, layout_loops_corners, serial_shops, shop_coins
D:2:      layout_basic, uniq_natasha
D:3:      due_chaos_kobolds, layout_basic, nicolae_ru_great_annihilating_truth,
          hellmonk_ecumenical_altar_pennies_from_heaven,
          nicolae_concentric_dashed_squares_mild, minmay_tree_intersection,
          nicolae_grassy_gnolls, uniq_robin
D:4:      layout_loops_corners, elyvilon_altar_4, fedhas_altar_2, minitemple

Skill      XL: |  1  2  3  4  5  6 |
---------------+-------------------+-----
Conjurations   | 2 3 |  3.4
Fire Magic     | 4 5 |  5.1
Fighting       | 1 2 |  2.1
Shields        | 1 2 |  2.0
Evocations     | 1 2 |  2.0
Spellcasting   | 3 |  3.0
Dodging        | |  2.1
Stealth        | |  2.0

Action                   |  1- 3 |  4- 6 || total
-------------------------+-------+-------++-------
Melee: Unarmed           |    15 |     7 ||    22
       Peck              |     1 |     3 ||     4
       Kick              |     3 |     3 ||     6
 Cast: Foxfire           |    76 |    75 ||   151
       Scorch            |       |    15 ||    15
  Use: Scroll            |       |    12 ||    12
Armor: Robe              |     8 |    15 ||    23
Dodge: Dodged            |     7 |    40 ||    47
Block: Buckler           |     4 |    20 ||    24

Table legend: (Time is in decaauts)
 A = Elapsed time spent in this place.
 B = Non-inter-level travel time spent in this place.
 C = Inter-level travel time spent in this place.
 D = Time resting spent in this place.
 E = Time spent auto-exploring this place.
 F = Levels seen in this place.
 G = Mean time per level.
                   A        B        C        D        E       F      G
               +--------+--------+--------+--------+--------+-----+--------+
         Total |   5274 |   5112 |    162 |    532 |   3934 |   4 | 1318.5 |
       Dungeon |   5274 |   5112 |    162 |    532 |   3934 |   4 | 1318.5 |
               +--------+--------+--------+--------+--------+-----+--------+

Top non-repeatable levels by time:
     D:2: 1562 daAuts
     D:1: 1534 daAuts
     D:3: 1259 daAuts
     D:4: 918 daAuts
